 Dungeon Crawl Stone Soup version 0.23-a0-767-gdc19b93d68 (webtiles) character file.

92 LLavrengius the Firebug (level 4, -1/24 HPs)
             Began as a Gargoyle Fire Elementalist on Jan 21, 2019.
             Blown up by Ijyb (22 damage)
             ... with a wand of disintegration (15)
             ... on level 3 of the Dungeon.
             The game lasted 00:10:02 (2364 turns).

LLavrengius the Firebug (GrFE)                      Turns: 2364, Time: 00:10:02

Health: -1/24      AC:  6    Str: 11    XL:     4   Next: 60%
Magic:  2/8        EV: 12    Int: 19    God:
Gold:   124        SH:  0    Dex: 10    Spells: 2/8 levels left

rFire    . . .     SeeInvis .   h - +0 short sword
rCold    . . .     Gourm    .   (no shield)
rNeg     + . .     Faith    .   a - +0 robe
rPois    ∞         Spirit   .   (no helmet)
rElec    +         Reflect  .   (no cloak)
rCorr    .         Harm     .   b - +0 pair of gloves
MR       .....                  (no boots)
Stlth    +.........             (no amulet)
HPRegen  0.08/turn              w - ring of attention (curse)
MPRegen  0.11/turn              i - +2 ring of intelligence

@: no status effects
A: negative energy resistance 1, electricity resistance, unbreathing,
petrification resistance, rot immunity, AC +3
a: no special abilities


You were on level 3 of the Dungeon.
You were not hungry.

You visited 1 branch of the dungeon, and saw 3 of its levels.

You collected 124 gold pieces.

Inventory:

Hand Weapons
 h - a +0 short sword (weapon)
 n - a +0 spear
 y - a +0 dagger of protection
Missiles
 o - 52 stones (quivered)
 u - 12 sling bullets
 x - 3 javelins
Armour
 a - a +0 robe (worn)
 b - a +0 pair of gloves (worn)
Jewellery
 i - a +2 ring of intelligence (right hand)
 w - a cursed ring of attention (left hand)
Scrolls
 f - a scroll of remove curse {unknown}
 j - a scroll of fog {unknown}
 k - 6 scrolls of identify {unknown}
 l - a scroll of noise {unknown}
 q - a scroll of fear {unknown}
 r - a scroll of magic mapping {unknown}
 t - a scroll of random uselessness {unknown}
 v - a scroll of enchant weapon {unknown}
Potions
 d - a potion of brilliance {unknown}
 e - a potion of lignification {unknown}
 g - a potion of invisibility {unknown}
 m - 3 potions of curing {unknown}
 p - a potion of resistance {unknown}
 s - a potion of agility {unknown}
Comestibles
 c - 4 rations
 z - a chunk of flesh


   Skills:
 - Level 1.5 Dodging
 - Level 2.1 Stealth
 + Level 2.7 Spellcasting
 * Level 3.4 Conjurations
 + Level 3.6 Fire Magic


You had 2 spell levels left.
You knew the following spells:

 Your Spells              Type           Power        Failure   Level  Hunger
a - Flame Tongue          Conj/Fire      ###..        3%          1    None
b - Throw Flame           Conj/Fire      ###...       5%          2    ##.....
c - Conjure Flame         Conj/Fire      ###.....     11%         3    ###....

Your spell library contained the following spells:

 Spells                   Type           Power        Failure   Level  Hunger
 Inner Flame              Hex/Fire       #.......     22%         3    ###....
 Sticky Flame             Conj/Fire      ###.....     36%         4    ####...
 Fireball                 Conj/Fire      ###.......   71%         5    ######.


Dungeon Overview and Level Annotations

Branches:
Dungeon (3/15)

Altars:
Gozag
Makhleb
Okawaru

Annotations:
D:3 Ijyb


Innate Abilities, Weirdness & Mutations

You are resistant to torment.
Your stone body is resilient. (AC +3)
You are immune to poison.
You resist negative energy. (rN+)
You are resistant to electric shocks. (rElec)
You can survive without breathing.
You are immune to petrification.
You are immune to rotting.


Message History

Ijyb is heavily wounded.
Ijyb closely misses you.
Casting: Flame Tongue (safe; 3% risk of failure)
Confirm with . or Enter, or press ? or * to list all spells.
Aiming: Flame Tongue (safe; 3% risk of failure)
Press: ? - help, Shift-Dir - straight line, f/p - Ijyb
Aim: Ijyb, wearing a +0 leather armour and carrying a wand of disintegration (16) (heavily wounded)
The flame tongue hits Ijyb.
Ijyb is heavily wounded.
Ijyb zaps a wand.
You are blasted!
Casting: Flame Tongue (safe; 3% risk of failure)
Confirm with . or Enter, or press ? or * to list all spells.
Aiming: Flame Tongue (safe; 3% risk of failure)
Press: ? - help, Shift-Dir - straight line, f/p - Ijyb
Aim: Ijyb, wearing a +0 leather armour and carrying a wand of disintegration (15) (heavily wounded)
The flame tongue hits Ijyb.
Ijyb is severely wounded.
Ijyb zaps a wand.
You are blasted!
Ouch! That really hurt!
You die...

#.######## #.# ..
#.# .# #.# .# #.#
.# #.# .# #.# .#
#.#############g##
#.............@..#
###############.##
.# ##


You could see Ijyb.

Vanquished Creatures
  2 oozes
  A worm (D:2)
  4 dart slugs (D:2)
  5 giant cockroaches
  6 goblins
  8 hobgoblins
  3 jackals (D:1)
  10 kobolds
  2 quokkas
  3 ball pythons
  10 bats
  5 frilled lizards
  11 rats
70 creatures vanquished.

Notes
Turn   | Place    | Note
-------+----------+-------------------------------------------
     0 | D:1      | LLavrengius the Gargoyle Fire Elementalist began the quest
                  | for the Orb.
     0 | D:1      | Reached XP level 1. HP: 10/10 MP: 3/3
   325 | D:1      | Reached XP level 2. HP: 15/15 MP: 5/5
   362 | D:1      | You fall through a shaft!
   619 | D:2      | Learned a level 2 spell: Throw Flame
   709 | D:1      | Reached XP level 3. HP: 19/19 MP: 6/6
  1169 | D:1      | Learned a level 3 spell: Conjure Flame
  1538 | D:2      | Reached XP level 4. HP: 21/24 MP: 7/7
  1870 | D:2      | Found a burning altar of Makhleb.
  2012 | D:2      | Found an iron altar of Okawaru.
  2015 | D:2      | Found an opulent altar of Gozag.
  2359 | D:3      | Noticed Ijyb
  2364 | D:3      | Blown up by Ijyb

Vault maps used:
D:1:      lightli_iron_boxes, minmay_tetromino_l4
D:2:      minmay_spotlight, nicolae_overflow_hidden_temple
D:3:      lightli_temple_of_fire, ebering_ghost_sewer_f, minmay_misc_feat_tower,
          uniq_ijyb, uniq_natasha, uniq_robin

Skill      XL: |  1  2  3 |
---------------+----------+-----
Conjurations   | 2 3 |  3.4
Dodging        | |  1.5
Stealth        | |  2.1
Spellcasting   | |  2.7
Fire Magic     | |  3.6

Action                   |  1- 3 |  4- 6 || total
-------------------------+-------+-------++-------
Melee: Unarmed           |    17 |       ||    17
       Short sword       |   179 |   100 ||   279
 Cast: Flame Tongue      |    17 |    15 ||    32
       Throw Flame       |       |     2 ||     2
 Stab: Sleeping          |     4 |     1 ||     5
  Eat: Chunk             |     2 |     4 ||     6
Armor: Robe              |    81 |    42 ||   123
Dodge: Dodged            |   184 |    63 ||   247

Table legend:
 A = Non-vault XP
 B = Vault XP
 C = Vault XP percentage of total XP
 D = Non-vault monster count
 E = Vault monster count
 F = Vault count percentage of total count
                 A         B        C        D         E       F
            +---------+---------+-------+---------+---------+-------
      Total |     113 |      19 |  14.4 |      57 |      13 |  18.6
            +---------+---------+-------+---------+---------+-------
        D:1 |      50 |      12 |  19.4 |      28 |       8 |  22.2
        D:2 |      55 |       7 |  11.3 |      23 |       5 |  17.9
        D:3 |       8 |       0 |   0.0 |       6 |       0 |   0.0
            +---------+---------+-------+---------+---------+-------
